 Dungeon Crawl Stone Soup version 0.30.1-11-g7821555f0a (webtiles) character file.

Game seed: 10080792528616058052

73 Chiseanne the Gusty (level 4, 31/31 HPs)
             Began as a Demonspawn Wanderer on Nov 24, 2023.
             Quit the game on level 3 of the Dungeon.
             The game lasted 00:04:10 (1958 turns).

Chiseanne the Gusty (Demonspawn Wanderer)           Turns: 1958, Time: 00:04:11

Health: 31/31      AC:  7    Str:  9    XL:     4   Next: 8%
Magic:  8/8        EV: 10    Int: 19    God:
Gold:   107        SH:  0    Dex: 12    Spells: 8/9 levels left

rFire   . . .        a - +2 hand axe (elec)
rCold   . . .        (no shield)
rNeg    . . .        h - +1 leather armour
rPois   .            (helmet restricted)
rElec   .            (no cloak)
rCorr   .            i - +0 pair of gloves
SInv    .            (no boots)
Will    +....        (no amulet)
Stlth   +            e - ring of willpower
HPRegen 0.25/turn    (no ring)
MPRegen 0.11/turn

%: no passive effects
@: no status effects
A: antennae 1, rugged brown scales 2
a: no special abilities


You were on level 3 of the Dungeon.
You visited 1 branch of the dungeon, and saw 3 of its levels.

You collected 107 gold pieces.

Inventory:

Hand Weapons
 a - a +2 hand axe of electrocution (weapon)
Missiles
 c - 3 boomerangs
 g - 14 stones
Armour
 h - a +1 leather armour (worn)
 i - a +0 pair of gloves (worn)
Jewellery
 e - a ring of willpower (left hand)
Wands
 d - a wand of flame (6)
Scrolls
 k - a scroll of enchant armour
 l - a scroll of fear {unknown}
Potions
 b - 4 potions of berserk rage
 f - a potion of brilliance


   Skills:
 - Level 1.0 Throwing
 * Level 1.0 Armour
 * Level 3.0 Spellcasting
 * Level 2.2 Conjurations
 - Level 4.5 Air Magic
 - Level 2.0 Evocations


You had 8 spell levels left.
You knew the following spells:

 Your Spells              Type           Power      Damage    Failure   Level
a - Shock                 Conj/Air       60%        1d6       4%          1

Your spell library contained the following spells:

 Spells                   Type           Power      Damage    Failure   Level
 Swiftness                Air            20%        N/A       10%         3
 Mephitic Cloud           Conj/Pois/Air  11%        N/A       24%         3
 Blink                    Tloc           4%         N/A       30%         2
 Lesser Beckoning         Tloc           4%         N/A       30%         2


Dungeon Overview and Level Annotations

Branches:
Dungeon (3/15)

Altars:
Dithmenos


Innate Abilities, Weirdness & Mutations

You have a pair of small antennae on your head.
You are mostly covered in rugged brown scales. (AC +2, +5% HP)


Message History

The zap hits the quokka.
You kill the quokka!
Casting: Shock (safe; 5% risk of failure)
Confirm with . or Enter, or press ? or * to list all spells.
Aiming: Shock (safe; 5% risk of failure)
Press: ? - help, Shift-Dir - straight line, f - you That beam is likely to hit you.
Continue anyway? [Y]es or [N]o only, please.
That beam is likely to hit you.
Continue anyway? [Y]es or [N]o only, please.
That beam is likely to hit you.
Continue anyway?
Okay, then.
As you read the scroll labelled LEH BANUMIRO, it crumbles to dust.
A profound silence engulfs you.
It was a scroll of silence.
Magic scrolls do not work when you're silenced!
Unknown command.
Your hearing returns.
You open the door.
An adder comes into view.
An adder comes into view.
The adder hisses angrily. x2
The adder moves out of view.
There is an open door here.
You hit the adder. Lightning courses through the adder!!
You kill the adder!
An adder comes into view.
The adder moves out of view.
Your Spellcasting skill increases to level 3!
Found 4 gold pieces.
The adder hisses angrily.
The adder bites you but does no damage.
There is an open door here.
The adder bites you but does no damage.
You hit the adder. Lightning courses through the adder!
You kill the adder!
Your Armour skill increases to level 1!
You have reached level 4!
You feel agile.
Your demonic ancestry asserts itself...
A pair of antennae grows on your head!
Are you sure you want to abandon this character and quit the game? (Confirm with "yes".)

,,,,,,,,,,,,*,*,***,,,,,*,*,* *,#
,,,,,,..$..,*,,,* *######.#,* *,#
*,,,,,.....,***** #......#,* *,#
***,,,......* ###.#####*,* #,#
*>,,......* #....|..#*,###.#
*,,,,.....#### #.#.###.##.....#
****+***#.....# #.#.............
**,,,,***#.....###.#....#####....
,,,,,,,,,+.....S@..#†.#<....#.###
,,,******#.....#####.##.##.##....
,,,******#.......,......##.#.....
,,,,,,,,,###########....##.#.##..
,,,,,,,,,* *,,...#+#......#..
,,,,,,,,,* *,......†>..#..#.#
*****,,,,* *,..........#..#..
,,,,*,,,,* *,..........+..#..
,,,,*,,,,* *,,,........##.#..


You could see an adder.

Vanquished Creatures
  A gnoll (D:1)
  2 adders (D:3)
  A worm (D:2)
  2 dart slugs (D:1)
  An orc (D:2)
  3 ball pythons
  4 bats
  2 endoplasms
  4 giant cockroaches
  2 goblins
  A hobgoblin (D:1)
  3 quokkas
  4 frilled lizards
  5 kobolds
  A rat (D:2)
36 creatures vanquished.

Notes
Turn   | Place    | Note
-------+----------+-------------------------------------------
     0 | D:1      | Chiseanne the Demonspawn Wanderer began the quest for the
                  | Orb.
     0 | D:1      | Chiseanne set off with the following items: a +0 dagger, a
                  | potion of berserk rage, a +0 robe, a wand of flame (6); and
                  | the following spell memorised: Shock; and the following
                  | spells available to memorise: Swiftness, Blink, Lesser
                  | Beckoning, Mephitic Cloud.
     0 | D:1      | Reached XP level 1. HP: 13/13 MP: 3/3
    58 | D:1      | Found Qaz Enar's Distillery.
   219 | D:1      | Reached skill level 1 in Conjurations
   219 | D:1      | Gained mutation: You are partially covered in rugged brown
                  | scales. (AC +1, +3% HP) [demonic ancestry]
   219 | D:1      | Reached XP level 2. HP: 8/19 MP: 0/5
   753 | D:1      | Gained mutation: You are mostly covered in rugged brown
                  | scales. (AC +2, +5% HP) [demonic ancestry]
   753 | D:1      | Reached XP level 3. HP: 19/25 MP: 5/7
  1671 | D:3      | Found a shadowy altar of Dithmenos.
  1958 | D:3      | Reached skill level 1 in Armour
  1958 | D:3      | Gained mutation: You have a pair of small antennae on your
                  | head. [demonic ancestry]
  1958 | D:3      | Reached XP level 4. HP: 31/31 MP: 8/8
  1958 | D:3      | Quit the game

Illustrated notes

Levels and vault maps discovered:
D:1:      minmay_arrival_five_plusses, layout_loops_ring, serial_shops, shop
D:2:      layout_rooms, minmay_misc_feat_alley
D:3:      layout_basic, trog_butcher_becter,
          mainiacjoe_overflow_six_doors_small, nicolae_overflow_crystal_walls,
          kennysheep_generic_room_9

Skill      XL: |  1  2  3 |
---------------+----------+-----
Conjurations   | 1 2 |  2.2
Spellcasting   | 3 |  3.0
Armour         | 1 |  1.0
Throwing       | |  1.0
Air Magic      | |  4.5
Evocations     | |  2.0

Action                     |  1- 3 |  4- 6 || total
---------------------------+-------+-------++-------
  Melee: Dagger            |     6 |       ||     6
         Hand axe          |     8 |       ||     8
         Spear             |     7 |       ||     7
   Cast: Shock             |    74 |       ||    74
    Use: Scroll            |    10 |       ||    10
 Armour: Robe              |     2 |       ||     2
         Leather armour    |    16 |       ||    16
  Dodge: Dodged            |    24 |       ||    24
